 Dungeon Crawl Stone Soup version 0.27.1-1-g398f81649c (webtiles) character file.

Game seed: 14831946697368167943

568 Rickety the Shield-Bearer (level 7, -8/44 HPs)
             Began as a Gargoyle Fighter on Sept 21, 2021.
             Mangled by an ogre (21 damage)
             ... on level 5 of the Dungeon.
             The game lasted 00:08:19 (3936 turns).

Rickety the Shield-Bearer (Gargoyle Fighter)        Turns: 3936, Time: 00:08:20

Health: -8/44      AC: 13    Str: 27 (28) XL:     7   Next: 33%
Magic:  7/7        EV:  8    Int: 11 (14) God:
Gold:   116        SH: 10    Dex:  8 (9)  Spells: 6/6 levels left

rFire    . . .     SeeInvis .   a - +0 flail
rCold    . . .     Faith    .   c - +0 kite shield
rNeg     + . .     Spirit   .   b - +0 scale mail
rPois    ∞         Reflect  .   (no helmet)
rElec    +         Harm     .   l - +0 cloak
rCorr    .         Rampage  .   (no gloves)
Will     .....                  (no boots)
Stlth    ..........             n - amulet of regeneration
HPRegen  1.14/turn              q - +6 ring of intelligence
MPRegen  0.10/turn              z - +6 ring of strength

@: no status effects
A: sickness immunity, AC +4, negative energy resistance 1, electricity
resistance, torment resistance 1, petrification resistance
a: no special abilities


You were on level 5 of the Dungeon.
You visited 1 branch of the dungeon, and saw 6 of its levels.
You also visited: Sewer.

You collected 116 gold pieces.

Inventory:

Hand Weapons
 a - a +0 flail (weapon)
Armour
 b - a +0 scale mail (worn)
 c - a +0 kite shield (worn)
 f - a +2 chain mail of cold resistance
 l - a +0 cloak (worn)
 A - a +1 tower shield
Magical Staves
 r - a staff of fire
Jewellery
 n - an amulet of regeneration (around neck)
 q - a +6 ring of intelligence (left hand)
 z - a +6 ring of strength (right hand)
Wands
 v - a wand of iceblast (5)
Scrolls
 g - a scroll of fear
 o - 2 scrolls of summoning
 p - a scroll of fog
 s - 3 scrolls of teleportation
 t - a scroll of enchant armour
 w - a scroll of amnesia {unknown}
 y - a scroll of immolation {unknown}
Potions
 d - a potion of might
 e - 6 potions of curing
 i - 2 potions of invisibility
 k - a potion of lignification
 u - a potion of haste
 x - a potion of heal wounds


   Skills:
 + Level 4.5 Fighting
 + Level 5.0 Maces & Flails
 + Level 4.6 Armour
 + Level 1.3 Dodging
 + Level 5.3 Shields


You had 6 spell levels left.
You didn't know any spells.
Your spell library contained the following spells:

 Spells                   Type           Power      Damage    Failure   Level
 Magic Dart               Conj           0%         1d3       95%         1
 Call Imp                 Summ           0%         N/A       99%         2
 Mephitic Cloud           Conj/Pois/Air  0%         N/A       100%        3


Dungeon Overview and Level Annotations

Branches:
Dungeon (6/15)              Sewer (visited)
 Temple: D:4-7

Altars:
Trog


Innate Abilities, Weirdness & Mutations

You are immune to sickness and miasma.
Your stone body is resilient. (AC +4)
You are immune to poison.
You resist negative energy. (rN+)
You are resistant to electric shocks. (rElec)
You are resistant to unholy torment.
You are immune to petrification.


Message History

You sock the iguana!
The iguana is severely wounded.
You block the iguana's attack.
You closely miss the iguana.
The iguana is severely wounded.
The iguana bites you but does no damage.
You block the iguana's attack.
You thump the iguana!
You kill the iguana!
Your Maces & Flails skill increases to level 5!
You now have 116 gold pieces (gained 16).
There is a stone staircase leading up here.
You climb upwards.
The adder hisses angrily.
Found a runed chain mail and a glowing silvery potion.
There is a stone staircase leading down here.
You hit the adder but do no damage. The adder bites you but does no damage.
You miss the adder. You block the adder's attack. The adder misses you.
You sock the adder!
You kill the adder!
No target in view!
Found a plate armour.
An ogre and a dart slug come into view.
You see here a +2 chain mail of cold resistance.
f - a +2 chain mail of cold resistance You hit the dart slug.
The dart slug is heavily wounded.
You block the dart slug's attack.
You sock the dart slug!
You kill the dart slug!
You closely miss the ogre.
The ogre hits you with a +0 giant club! x2
You completely miss the ogre. You block the ogre's attack.
You hit the ogre.
The ogre is lightly wounded.
The ogre hits you with a +0 giant club!!
* * * LOW HITPOINT WARNING * * *
You hit the ogre.
The ogre is moderately wounded.
The ogre hits you with a +0 giant club!!
You die...

# .# .# ..
#+###. #......
#..#!# #.@#.#
#O.#.#
......#.#.#
......#...####
..... #......#
..... ##..##.#
.... ##># #
[... #.# #.#


You could see an ogre.

Vanquished Creatures
  2 kobold brigands
  A scorpion (D:4)
  A water moccasin skeleton (D:4)
  A centaur zombie (D:4)
  An orc priest (D:3)
  A bullfrog skeleton (D:4)
  An iguana (D:6)
  A hound skeleton (D:4)
  7 adders
  A river rat (D:6)
  A worm (Sewer)
  2 dart slugs
  8 orcs
  9 ball pythons
  11 bats
  5 endoplasms
  3 giant cockroaches
  9 goblins
  9 hobgoblins
  A jackal (D:4)
  22 kobolds
  2 quokkas (D:1)
  3 frilled lizards (D:1)
  12 rats
114 creatures vanquished.

Vanquished Creatures (others)
  10 plants
10 creatures vanquished.

Grand Total: 124 creatures vanquished

Notes
Turn   | Place    | Note
-------+----------+-------------------------------------------
     0 | D:1      | Rickety the Gargoyle Fighter began the quest for the Orb.
     0 | D:1      | Reached XP level 1. HP: 14/14 MP: 1/1
   489 | D:1      | Reached XP level 2. HP: 19/19 MP: 2/2
   581 | D:1      | Found a faded altar of an unknown god.
   885 | D:1      | Reached XP level 3. HP: 24/24 MP: 3/3
  1923 | D:2      | Reached XP level 4. HP: 28/29 MP: 4/4
  2640 | D:3      | Reached XP level 5. HP: 33/33 MP: 5/5
  3029 | D:4      | Reached XP level 6. HP: 37/38 MP: 6/6
  3093 | D:4      | Reached skill level 1 in Dodging
  3163 | D:4      | Found a bloodstained altar of Trog.
  3294 | D:4      | You fall into a shaft and drop 2 floors!
  3372 | D:6      | Reached skill level 5 in Shields
  3447 | D:6      | Found a glowing drain.
  3476 | Sewer    | Entered a sewer
  3498 | Sewer    | Reached XP level 7. HP: 44/44 MP: 7/7
  3912 | D:6      | Reached skill level 5 in Maces & Flails
  3920 | D:5      | Entered Level 5 of the Dungeon
  3936 | D:5      | Mangled by an ogre

Illustrated notes

Levels and vault maps discovered:
D:1:      amcnicky_arrival_underground_garden, layout_loops_corners,
          ebering_ecumenical_altar_ruins, serial_forest,
          infiniplex_forest_clump_long, infiniplex_forest_clump_cross,
          infiniplex_forest_lined_2, infiniplex_forest_clump_medium,
          infiniplex_forest_end_2, infiniplex_forest_split,
          infiniplex_forest_diagonal, infiniplex_forest_end_2,
          infiniplex_forest_end_1, minmay_misc_feat_iff, due_unseen_surprise
D:2:      layout_basic
D:3:      layout_basic
D:4:      minmay_evil_eye, layout_gridville, nicolae_overflow_hidden_temple,
          serial_bayou, serial_bayou_pond_a, serial_bayou_shore_b,
          serial_bayou_pond_e, serial_bayou_pond_e,
          chequers_serial_rivers_room_a
D:5:      minmay_razor_zed, layout_basic, gammafunk_ghost_nasty_kobolds,
          abandoned_shop, uniq_sigmund
D:6:      cheibrodos_thug_alley, layout_cave_pods, jmf_multi_god_temple2,
          portal_sewer_entry_c, minmay_misc_feat_plants, uniq_grinder,
          uniq_menkaure, uniq_edmund

Skill      XL: |  1  2  3  4  5  6  7 |
---------------+----------------------+-----
Shields        | 4 5 |  5.3
Maces & Flails | 3 4 5 |  5.0
Fighting       | 4 |  4.5
Armour         | 4 |  4.6
Dodging        | 1 |  1.3

Action                   |  1- 3 |  4- 6 |  7- 9 || total
-------------------------+-------+-------+-------++-------
Melee: Flail             |   209 |   196 |    57 ||   462
  Use: Scroll            |       |       |     7 ||     7
       Potion            |       |       |     7 ||     7
Armor: Scale mail        |   120 |   138 |    16 ||   274
Dodge: Dodged            |    75 |    83 |    13 ||   171
Block: Kite shield       |   139 |   136 |    25 ||   300
